 Dungeon Crawl Stone Soup version 0.28-a0-1286-g6bde065e89 (webtiles) character file.

Game seed: 2862526256462551993

24 ReploidZero the Sneak (level 3, -3/22 HPs)
             Began as a Kobold Brigand on Dec 27, 2021.
             Slain by a hobgoblin (10 damage)
             ... on level 2 of the Dungeon.
             The game lasted 00:02:25 (1181 turns).

ReploidZero the Sneak (Kobold Brigand)              Turns: 1181, Time: 00:02:25

Health: -3/22      AC:  3    Str:  8    XL:     3   Next: 15%
Magic:  3/3        EV: 14    Int: 12    God:
Gold:   55         SH:  0    Dex: 18    Spells: 2/2 levels left

rFire   . . .      SeeInvis .   a - +2 dagger
rCold   . . .      Faith    .   (shield restricted)
rNeg    . . .      Spirit   .   b - +0 robe
rPois   .          Reflect  .   (no helmet)
rElec   .          Harm     .   c - +0 cloak
rCorr   .          Rampage  .   (no gloves)
Will    .....                   (no boots)
Stlth   ++++......              (no amulet)
HPRegen 0.07/turn               (no ring)
MPRegen 0.08/turn               (no ring)

@: no status effects
A: small, no large weapons, nightstalker 3
a: no special abilities


You were on level 2 of the Dungeon.
You visited 1 branch of the dungeon, and saw 2 of its levels.

You collected 55 gold pieces.

Inventory:

Hand Weapons
 a - a +2 dagger (weapon)
Missiles
 d - 4 poisoned darts (quivered)
 e - 2 curare-tipped darts
Armour
 b - a +0 robe (worn)
 c - a +0 cloak (worn)
Scrolls
 f - 2 scrolls of fear
 i - a scroll of vulnerability


   Skills:
 + Level 2.6 Fighting
 + Level 3.2 Short Blades
 - Level 2.1 Throwing
 + Level 1.9 Dodging
 + Level 5.6 Stealth


You had 2 spell levels left.
You didn't know any spells.
Your spell library was empty.

Dungeon Overview and Level Annotations

Branches:
Dungeon (2/15)

Altars:


Innate Abilities, Weirdness & Mutations

You are small and have problems with some larger weapons.
You are completely attuned to the shadows.


Message History

You throw a poisoned dart. The poisoned dart hits the worm.
The worm looks even sicker.
The worm is lightly wounded.
HP restored.
d - 5 poisoned darts (gained 1)
A hobgoblin comes into view.
It is wielding a +0 hand axe of flaming.
Things that are here:
a poisoned dart; a scroll labelled HOPNIPIDOL A hobgoblin is nearby!
You see here 17 gold pieces.
An endoplasm comes into view.
You hit the worm.
The worm is lightly wounded.
The worm barely misses you.
The hobgoblin hits you with a +0 hand axe of flaming!
The hobgoblin burns you.
You are too injured to fight recklessly!
The hobgoblin barely misses you.
You see here 17 gold pieces.
You now have 55 gold pieces (gained 17).
The hobgoblin hits you with a +0 hand axe of flaming.
The hobgoblin burns you.
* * * LOW HITPOINT WARNING * * *
Things that are here:
a poisoned dart; a scroll labelled HOPNIPIDOL The hobgoblin barely misses you.
The hobgoblin misses you.
Throw: 5 darts (poison)
Press: ? - help, Q - select action, (/) - cycle Shift-Dir - straight line, f - hobgoblin
Aim: a hobgoblin, wielding a +0 hand axe of flaming (63% to hit)
You throw a poisoned dart. The poisoned dart hits the hobgoblin.
The hobgoblin is poisoned.
Unknown command.
You hit the hobgoblin.
The hobgoblin is severely wounded.
The hobgoblin misses you.
You barely miss the hobgoblin.
The hobgoblin is severely wounded.
The hobgoblin hits you with a +0 hand axe of flaming!
You die...

.....###.###
.......w(w.#
.......(.#.#
.....#####.#
.....# #.#
.....# #.#
.....# #.#
.....#
#.##########
#.....g@..<#
############


You could see a hobgoblin (poisoned).

Vanquished Creatures
  2 dart slugs (D:1)
  2 endoplasms (D:1)
  3 giant cockroaches (D:1)
  A goblin (D:1)
  2 hobgoblins (D:1)
  3 jackals (D:1)
  A ball python (D:1)
  2 kobolds (D:1)
  A rat (D:1)
17 creatures vanquished.

Notes
Turn   | Place    | Note
-------+----------+-------------------------------------------
     0 | D:1      | ReploidZero the Kobold Brigand began the quest for the Orb.
     0 | D:1      | Reached XP level 1. HP: 12/12 MP: 1/1
   259 | D:1      | Reached XP level 2. HP: 15/18 MP: 2/2
   913 | D:1      | Reached XP level 3. HP: 22/22 MP: 3/3
  1181 | D:2      | Slain by a hobgoblin

Illustrated notes

Levels and vault maps discovered:
D:1:      dpeg_arrival_connections, layout_basic
D:2:      layout_basic, chequers_ecumenical_altar_grove

Skill      XL: |  1  2 |
---------------+-------+-----
Short Blades   | 3 |  3.2
Fighting       | |  2.6
Throwing       | |  2.1
Dodging        | |  1.9
Stealth        | |  5.6

Action                   || total
-------------------------++-------
Melee: Dagger            ||    28
Throw: Dart              ||     5
  Use: Scroll            ||     3
 Stab: Sleeping          ||    14
Armor: Robe              ||     2
Dodge: Dodged            ||    10

Table legend: (Time is in decaauts)
 A = Elapsed time spent in this place.
 B = Non-inter-level travel time spent in this place.
 C = Inter-level travel time spent in this place.
 D = Time resting spent in this place.
 E = Time spent auto-exploring this place.
 F = Levels seen in this place.
 G = Mean time per level.
                   A        B        C        D        E       F      G
               +--------+--------+--------+--------+--------+-----+--------+
         Total |   1176 |   1137 |     39 |      0 |    988 |   2 |  588.0 |
       Dungeon |   1176 |   1137 |     39 |      0 |    988 |   2 |  588.0 |
               +--------+--------+--------+--------+--------+-----+--------+

Top non-repeatable levels by time:
     D:1: 1001 daAuts
     D:2: 174 daAuts
